← All builds
Suicide front / Armada / Factory first / OBSERVED BUILD

Standard suicide front

Armada Suicide front build order · Supreme Isthmus

The role's baseline: Bot Lab at 0:21 then straight into reclaim-fed T1 bot production to contest the middle and hold until T2 arrives, with an Advanced Metal Extractor around 9:45.

#rush · 2020 distinct matches · 232 players · 71% of Armada Suicide front games · team won 59% of 2395 · Recently observed

HOW TO PLAY IT

Key timing: Bot Lab by 0:20

  1. Open with mex and lab-first to get Bot Lab up by 0:20.
  2. Expand mex and wind while lab pumps units toward middle.
  3. Push Sentry and early Rocketeer, Centurion to contest middle.
  4. Get T2 constructor out once Pond's boost lets you spare metal.
  5. Upgrade mex to Advanced Metal Extractor as you transition off T1 spam.

Phase by phase

TYPICAL OF ITS 2020 GAMES
  1. 1
  2. 2
  3. 3
PLAY THE OPENING

Follow the example game's first 6:00 step by step: what to build now, what comes next, and where it goes. At 1× it keeps pace with your own game.

  1. 1

    Bot Lab first

    Order
    1. Bot LabBot Lab done ~0:21, middle half 0:20–0:33

    Some games also: mex (44%)

  2. 2

    Bot Lab to 5:00

    Economy
    • Metal Extractor5Mex
    • Wind Turbine4Wind
    Builders
    • Construction Bot3 Con bot
    • Lazarus2 Lazarus
    Army
    • Sentry4 Sentry
    • Rocketeer16 Rocketeer
    • Tick2 Tick
    • Centurion1 Centurion
    Other
    • Radar Tower1 Radar Tower

    Some games also: pawn (37%) · con turret (34%)

    By 5:00 in all: 5 mex · 4 wind

    The example game in this phase · 17 steps
    1. CenturionCenturion
    2. Mex
    3. SentrySentry
    4. Construction BotCon bot
    5. Mex
    6. Radar TowerRadar Tower
    7. Construction BotCon bot
    8. Mex ×2
    9. Construction BotCon bot
    10. CenturionCenturion
    11. SentrySentry
    12. RocketeerRocketeer ×7
    13. CenturionCenturion
    14. RocketeerRocketeer ×2
    15. Radar TowerRadar Tower
    16. RocketeerRocketeer
    17. CenturionCenturion ×2
  3. 3

    5:00 to 10:00

    Economy
    • Metal Extractor1Mex
    • Wind Turbine15Wind
    Builders
    • Construction Turret2 Con turret
    • Lazarus2 Lazarus
    • Construction Bot1 Con bot
    Army
    • Sentry1 Sentry
    • Rocketeer8 Rocketeer

    Some games also: pawn (49%) · Radar Tower (46%) · tick (45%) · centurion (44%) · energy storage (43%) · eat Bot Lab (31%)

    By 10:00 in all: 6 mex · 21 wind · 1 energy storage · 2 con turret

    The example game in this phase · 113 steps
    1. CenturionCenturion ×4
    2. RocketeerRocketeer ×2
    3. LazarusLazarus
    4. RocketeerRocketeer
    5. Mex
    6. RocketeerRocketeer ×4
    7. Construction BotCon bot ×3
    8. RocketeerRocketeer ×3
    9. Construction BotCon bot
    10. Wind
    11. RocketeerRocketeer
    12. Radar TowerRadar Tower
    13. Wind
    14. RocketeerRocketeer
    15. Wind
    16. Mex
    17. RocketeerRocketeer
    18. Wind
    19. MaceMace
    20. Wind
    21. Con turret
    22. Wind
    23. MaceMace
    24. Wind
    25. MaceMace
    26. Wind
    27. MaceMace
    28. Wind
    29. MaceMace
    30. PawnPawn ×2
    31. Wind
    32. BeamerBeamer
    33. PawnPawn ×2
    34. SentrySentry
    35. Wind
    36. PawnPawn ×2
    37. Wind
    38. Con turret
    39. PawnPawn
    40. SentrySentry
    41. Wind
    42. PawnPawn
    43. Energy storage
    44. Wind
    45. SentrySentry
    46. PawnPawn
    47. Wind
    48. PawnPawn
    49. Wind
    50. PawnPawn
    51. Wind ×2
    52. PawnPawn ×2
    53. Wind ×2
    54. PawnPawn ×2
    55. Wind
    56. PawnPawn ×2
    57. Wind
    58. PawnPawn
    59. Sneaky PeteSneaky Pete
    60. Wind
    61. PawnPawn
    62. Advanced Metal ExtractorT2 mexdone 11:38 · typical 9:46
    63. PawnPawn
    64. Wind ×4
    65. PawnPawn
    66. Wind
    67. PawnPawn
    68. Advanced Metal ExtractorT2 mex
    69. PawnPawn
    70. Wind
    71. PawnPawn
    72. Wind ×2
    73. PawnPawn
    74. Advanced Metal ExtractorT2 mex
    75. Wind ×3
    76. Advanced Metal ExtractorT2 mex
    77. Con turret
    78. Wind
    79. LazarusLazarus
    80. Wind
    81. LazarusLazarus ×2
    82. Construction BotCon bot
    83. Wind
    84. LazarusLazarus
    85. Wind
    86. LazarusLazarus
    87. Wind
    88. LazarusLazarus
    89. Wind ×3
    90. Con turret
    91. Wind
    92. SharpshooterSniper botdone 13:55
    93. Wind
    94. Con turret
    95. RattlesnakeRattlesnakedone 14:42
    96. BeamerBeamer
    97. Vehicle PlantVehicle Plantdone 14:18
    98. Wind
    99. Con turret
    100. Wind
    101. Con turret
    102. Wind ×2
    103. Con turret
    104. StoutStout
    105. BeamerBeamer
    106. Wind
    107. StoutStout
    108. Wind
    109. Con turret
    110. Wind
    111. BeamerBeamer
    112. Con turret
    113. StoutStout

Counts are medians over the build's games: half of them build more, half fewer. The example game is blazeitken's (31 OS, 30/08/2026); pick another.

Team trades

IN AT LEAST 30% OF ITS GAMES

You hand over

Nothing regular.

You get

  • Tidal Generator4 Tidal from Pondfirst at 0:11 · in 68% of games
  • Advanced Construction Bot1 T2 con bot from Geo or Techfirst at 7:41 · in 57% of games

How it plays out

Typical game of this build, running totals by minute

Metal produced

010k20k
0:005:0010:0015:00

metal

Enemy metal destroyed

05k10k
0:005:0010:0015:00

metal

Own metal lost

05k10k
0:005:0010:0015:00

metal

2395 games.

Show as table
ByMetal produced: This buildEnemy metal destroyed: This buildOwn metal lost: This build
1:0023000
2:0088600
3:002007184130
4:003108643501
5:0041841352998
6:00534921831707
7:00654430512590
8:00776039353502
9:00903546904383
10:001041253145163
11:001188958585965
12:001358364066686
13:001540468757453
14:001729875038214
15:001929281099007
WHAT THE NUMBERS SAY

Standard Suicide front play wins a bit over half its games while taking the heaviest own losses of any role by 15:00.

  • + Produces 20142 metal by 15:00, highest of the front roles.
  • + First kill by 2:01 in all games, fastest contest of middle.
  • − Own metal lost hits 9178 by 15:00, more than enemy metal destroyed.
  • − Only 34% Rocketeer share shows army spread thin across many bot types.
THE EXAMPLE YOU ARE READING

blazeitken

30.9 OS · 30/08/2026

Open source match ↗

6 received units · includes a constructor
301 metal received · 50511 energy received

Allied construction assistance is unknown. Timings are observations, not a promise of solo reproducibility.

Typical milestones

Bot Lab0:21Middle 50%: 0:20–0:33 · n=2387
Advanced Metal Extractor9:46Middle 50%: 8:50–10:58 · n=1732

Played most by

_X_262games of this buildPlatinumBlonde188games of this buildXad165games of this buildTrapCaT109games of this buildImmort80games of this build
Standard suicide front · Armada Suicide front build order · BAR Build Atlas